 Dungeon Crawl Stone Soup version 0.29.1-13-g9f3cf754e1 (webtiles) character file.

Game seed: 15898246437177050461

16 KittyFluff the Trooper (level 2, -8/19 HPs)
             Began as a Gargoyle Berserker on Feb 6, 2023.
             Was a Follower of Trog.
             Mangled by a gnoll
             ... wielding a +1 vorpal spear
              (9 damage)
             ... on level 1 of the Dungeon.
             The game lasted 00:02:32 (590 turns).

KittyFluff the Trooper (Gargoyle Berserker)          Turns: 590, Time: 00:02:32

Health: -8/19      AC:  6    Str: 20    XL:     2   Next: 54%
Magic:  2/2        EV: 11    Int:  7    God:    Trog [*.....]
Gold:   38         SH:  0    Dex:  9    Spells: 1/1 levels left

rFire   . . .      SeeInvis .   a - +0 mace
rCold   . . .      Faith    .   (no shield)
rNeg    + . .      Spirit   .   b - +0 animal skin
rPois   ∞          Reflect  .   (no helmet)
rElec   +          Harm     .   (no cloak)
rCorr   .          Rampage  .   g - +0 pair of gloves
Will    .....                   (no boots)
Stlth   +.........              (no amulet)
HPRegen 0.06/turn               (no ring)
MPRegen 0.08/turn               (no ring)

@: no status effects
A: sickness immunity, AC +2, negative energy resistance 1, electricity
resistance, torment resistance 1, petrification resistance
a: Renounce Religion, Berserk


You were on level 1 of the Dungeon.
You worshipped Trog.
Trog was aware of your devotion.
You visited 1 branch of the dungeon, and saw 1 of its levels.

You collected 38 gold pieces.

Inventory:

Hand Weapons
 a - a +0 mace (weapon)
Missiles
 c - 11 stones (quivered)
Armour
 b - a +0 animal skin (worn)
 g - a +0 pair of gloves (worn)
Scrolls
 e - a scroll of enchant armour {unknown}
 f - a scroll of torment {unknown}
Potions
 d - a potion of haste {unknown}


   Skills:
 + Level 3.5 Fighting
 + Level 3.3 Maces & Flails
 * Level 2.5 Armour
 + Level 1.6 Dodging


You had one spell level left.
You didn't know any spells.
Your spell library was empty.

Dungeon Overview and Level Annotations

Branches:
Dungeon (1/15)

Altars:


Innate Abilities, Weirdness & Mutations

You are immune to sickness and miasma.
Your stone body is resilient. (AC +2)
You are immune to poison.
You resist negative energy. (rN+)
You are resistant to electric shocks. (rElec)
You are resistant to unholy torment.
You are immune to petrification.


Message History

Found 10 gold pieces.
A ball python comes into view.
Found 3 gold pieces.
The ball python hisses angrily.
The ball python closely misses you. The ball python barely misses you.
The ball python bites you but does no damage.
The ball python grabs you. The ball python constricts you.
You closely miss the ball python. You punch the ball python.
You kill the ball python!
Trog accepts your kill.
Found a stone staircase leading down.
You see here a ball python corpse.
You now have 28 gold pieces (gained 3).
You now have 38 gold pieces (gained 10).
There is a stone staircase leading down here.
Found a glowing short sword and a pair of gloves.
You see here a +0 pair of gloves.
g - a +0 pair of gloves You start putting on your armour.
You continue putting on your +0 pair of gloves. x4
You finish putting on your +0 pair of gloves.
You see here a +0 vampiric short sword.
There is a stone staircase leading down here.
You see here a +0 vampiric short sword.
You see here a +0 vampiric short sword.
There is a stone staircase leading down here.
A gnoll comes into view. It is wielding a +1 vorpal spear.
The gnoll shouts!
A rat comes into view.
The gnoll hits you with a +1 vorpal spear.
You closely miss the gnoll.
The gnoll hits you with a +1 vorpal spear.
You hit the gnoll but do no damage.
The gnoll hits you with a +1 vorpal spear.
You barely miss the gnoll. The gnoll hits you but does no damage.
The gnoll hits you with a +1 vorpal spear.
* * * LOW HITPOINT WARNING * * *
x2 You hit the gnoll but do no damage.
The gnoll hits you with a +1 vorpal spear!
You die...

....#..).....# #.#
...#.##......# #.#
#.#.#..##....# #.#
.#.#.#...#...# #.#
.#.#..#......# #.#
.#..#..#.....# #.#
.#..#...#....# #.#
.#...#......## #.#
.#........#.# #@#
......).###.# #g#
...>.##.##..##..r..r.#
###.....##.##..P.PPP..#
#.#.#....##.P....PP.#
#.#>#.#####.P..P..P.#
#.#.#..####.PP..P.P.#
#........##.P.P...P.#
###..#.#.##.P....P..#


You could see a gnoll and a rat.

Vanquished Creatures
  3 bats (D:1)
  2 giant cockroaches (D:1)
  2 jackals (D:1)
  A kobold (D:1)
  3 ball pythons (D:1)
  A frilled lizard (D:1)
  A rat (D:1)
13 creatures vanquished.

Notes
Turn   | Place    | Note
-------+----------+-------------------------------------------
     0 | D:1      | KittyFluff the Gargoyle Berserker began the quest for the
                  | Orb.
     0 | D:1      | Reached XP level 1. HP: 14/14 MP: 1/1
   191 | D:1      | Reached XP level 2. HP: 19/19 MP: 2/2
   590 | D:1      | Mangled by a gnoll

Illustrated notes

Levels and vault maps discovered:
D:1:      minmay_arrival_radiant_lines, layout_basic, minmay_misc_feat_enclosed,
          nicolae_grassy_gnolls

Action                   || total
-------------------------++-------
Melee: Mace              ||    35
       Punch             ||     1
Armor: Animal skin       ||    19
Dodge: Dodged            ||    30
